 Dungeon Crawl Stone Soup version 0.29.1-2-gbd0b4ee654 (webtiles) character file.

Game seed: 4880362917818459710

186 GeoRichter the Gusty (level 5, -6/31 HPs)
             Began as an Octopode Air Elementalist on Nov 17, 2022.
             Mangled by an orc priest
             ... wielding a +0 mace
              (9 damage)
             ... on level 4 of the Dungeon.
             The game lasted 00:07:41 (4124 turns).

GeoRichter the Gusty (Octopode Air Elementalist)    Turns: 4124, Time: 00:07:42

Health: -6/31      AC:  1    Str:  7    XL:     5   Next: 65%
Magic:  2/9        EV: 13    Int: 20    God:
Gold:   201        SH:  0    Dex: 12    Spells: 7/10 levels left

rFire   . . .      SeeInvis .   o - staff of conjuration {!a}
rCold   . . .      Faith    .   (no shield)
rNeg    . . .      Spirit   .   (helmet restricted)
rPois   .          Reflect  .   (no amulet)
rElec   .          Harm     .   (no ring)
rCorr   .          Rampage  .   (no ring)
Will    .....                   (no ring)
Stlth   +++.......              (no ring)
HPRegen 0.10/turn               (no ring)
MPRegen 0.11/turn               (no ring)
                                (no ring)
                                (no ring)

@: no status effects
A: almost no armour, amphibious, 8 rings, camouflage 1, gelatinous body 1,
(nimble swimmer 1), tentacles
a: no special abilities


You were on level 4 of the Dungeon.
You visited 1 branch of the dungeon, and saw 4 of its levels.

You collected 201 gold pieces.

Inventory:

Magical Staves
 o - a staff of conjuration (weapon) {!a}
   (You found it on level 4 of the Dungeon)
Scrolls
 a - 3 scrolls of identify {unknown}
 c - a scroll of amnesia {unknown}
 d - a scroll of butterflies {unknown}
 g - a scroll of teleportation {unknown}
 k - a scroll of enchant weapon {unknown}
 l - a scroll of poison {unknown}
 p - 2 scrolls of blinking {unknown}
Potions
 b - 2 potions of brilliance {unknown}
 e - a potion of degeneration {unknown}
 f - a potion of flight {unknown}
 h - a potion of magic
 i - 2 potions of cancellation {unknown}
 j - a potion of lignification {unknown}
 m - a potion of heal wounds {unknown}
 n - a potion of attraction {unknown}


   Skills:
 - Level 2.0 Dodging
 - Level 2.6 Stealth
 + Level 3.0 Spellcasting
 + Level 2.7 Conjurations
 * Level 4.8 Air Magic


You had 7 spell levels left.
You knew the following spells:

 Your Spells              Type           Power      Damage    Failure   Level
a - Shock                 Conj/Air       100%       1d9       3%          1
b - Static Discharge      Conj/Air       27%        3-7/arc   4%          2

Your spell library contained the following spells:

 Spells                   Type           Power      Damage    Failure   Level
 Swiftness                Air            22%        N/A       6%          3
 Airstrike                Air            11%        2d(2-18)  19%         4
 Blink                    Tloc           6%         N/A       22%         2
 Conjure Flame            Conj/Fire      12%        6-21      24%         3
 Ignite Poison            Fire/Tmut/Pois 3%         N/A       38%         3
 Lesser Beckoning         Tloc           3%         N/A       38%         3
 Sticky Flame             Conj/Fire      12%        2d4       63%         4
 Manifold Assault         Tloc           3%         N/A       98%         5


Dungeon Overview and Level Annotations

Branches:
Dungeon (4/15) Zot: 19873
 Temple: D:4-7

Altars:

Annotations:
D:3 Sigmund


Innate Abilities, Weirdness & Mutations

You cannot wear most types of armour.
You are amphibious.
You can wear up to eight rings at the same time.
Your skin changes colour to match your surroundings (Stealth+).
Your rubbery body absorbs attacks. (AC +1, EV +1)
((You are camouflaged when in or above water. (Stealth+)))
You have tentacles for arms and can constrict up to eight enemies at once.


Message History

You now have 185 gold pieces (gained 9).
A goblin comes into view. It is wielding a +0 dagger.
Found 6 stones.
A goblin is nearby!
A goblin is nearby!
You feel a surge of power!
The zap hits the goblin!
You kill the goblin!
You can't see any susceptible monsters within range! (Use Z to cast anyway.)
You now have 201 gold pieces (gained 16).
Found 5 poisoned darts.
An orc comes into view. It is wielding a +0 club.
An orc comes into view.
It is wielding a +0 hand axe of distortion.
You feel a surge of power!
The zap hits the orc.
The orc shouts!
The zap hits the orc!
You kill the orc!
You hear a shout!
You feel a surge of power!
The zap hits the orc.
You kill the orc!
An orc comes into view. It is wielding a +0 dagger.
You feel a surge of power!
The zap hits the orc.
The orc shouts!
You feel a surge of power!
The zap hits the orc!
You kill the orc!
An orc priest comes into view. It is wielding a +0 mace.
You start resting.
An orc priest is nearby!
You feel a surge of power!
The zap hits the orc priest.
The zap misses the orc priest.
The orc priest calls down the wrath of Beogh upon you.
Beogh smites you!
You feel a surge of power!
The zap hits the orc priest but does no damage.
The zap hits the orc priest but does no damage.
Okay, then.
You feel a surge of power!
The orc priest is struck by an arc of lightning.
You are struck by an arc of lightning.
The lightning grounds out.
The orc priest mumbles some strange prayers to Beogh against you.
Beogh smites you!
Ouch! That really hurt!
* * * LOW HITPOINT WARNING * * *
You feel a surge of power!
The zap misses the orc priest.
The orc priest misses you.
Really attack while wielding your staff of conjuration {!a}?
You hit the orc priest but do no damage.
You grab the orc priest.
You constrict the orc priest, but do no damage.
The orc priest hits you with a +0 mace!
You die...

#. #.# #.# #.#
...##.# ...#.#
..>
...#.#######..
... .
#.^#.o@.(.)....
..# ..
#..#.#.#####..#
#.# #. #..#.#.#
#.# #.# #.
#..#.#.# #.#
#.# #. #(.#.#.#
#.# #.# #.
#....#.#
#.###.####.
#.####.#
#.##....... #.
#.# #<#.#.###..
#. ##.##
#..###.##.#


You could see an orc priest.

Vanquished Creatures
  Natasha (D:2)
  4 gnolls (D:2)
  3 adders
  2 dart slugs
  4 orcs
  14 ball pythons
  9 endoplasms
  13 giant cockroaches
  6 goblins
  4 hobgoblins
  4 jackals (D:2)
  2 quokkas (D:1)
  5 bats
  6 frilled lizards
  3 kobolds
  6 rats
86 creatures vanquished.

Vanquished Creatures (others)
  10 fungi (D:2)
10 creatures vanquished.

Grand Total: 96 creatures vanquished

Notes
Turn   | Place    | Note
-------+----------+-------------------------------------------
     0 | D:1      | GeoRichter the Octopode Air Elementalist began the quest
                  | for the Orb.
     0 | D:1      | Reached XP level 1. HP: 11/11 MP: 3/3
   487 | D:1      | Reached XP level 2. HP: 17/17 MP: 3/5
   872 | D:1      | Found a faded altar of an unknown god.
  1158 | D:1      | Reached XP level 3. HP: 21/21 MP: 3/6
  1827 | D:2      | Reached skill level 4 in Air Magic
  1986 | D:2      | Reached XP level 4. HP: 21/27 MP: 2/7
  2695 | D:2      | Noticed Natasha
  2700 | D:2      | Learned a level 2 spell: Static Discharge
  2703 | D:2      | Killed Natasha
  2704 | D:2      | Reached XP level 5. HP: 26/31 MP: 5/9
  3734 | D:3      | Noticed Sigmund
  4124 | D:4      | Mangled by an orc priest

Illustrated notes

Levels and vault maps discovered:
D:1:      matt_arrival_los_fun, layout_rooms, hellmonk_ecumenical_altar_lost_god
D:2:      minmay_roachtagon, layout_basic, chequers_mini_garden,
          minmay_misc_feat_four_crosses, dreamdust_mushroom_princess,
          uniq_natasha
D:3:      layout_loops_ring, minmay_statues_item, uniq_sigmund
D:4:      layout_loops_ring, led_sif_book

Skill      XL: |  1  2  3  4  5 |
---------------+----------------+-----
Air Magic      | 4 |  4.8
Conjurations   | 2 |  2.7
Spellcasting   | 3 |  3.0
Dodging        | |  2.0
Stealth        | |  2.6

Action                   |  1- 3 |  4- 6 || total
-------------------------+-------+-------++-------
Melee: Unarmed           |     7 |    27 ||    34
       Tentacles         |     5 |     8 ||    13
       Constrict         |     1 |     9 ||    10
       Staff             |       |     1 ||     1
 Cast: Shock             |    74 |    88 ||   162
       Static Discharge  |       |     4 ||     4
  Use: Potion            |     1 |       ||     1
 Stab: Sleeping          |       |     1 ||     1
Armor: Skin              |     2 |     2 ||     4
Dodge: Dodged            |    22 |    24 ||    46
